 Dungeon Crawl Stone Soup version 0.20.1-1-g8b1a95d66d (webtiles) character file.

4228 NullDivider the Covert (level 10, -4/67 HPs)
             Began as an Octopode Artificer on Dec 8, 2017.
             Was a Believer of Nemelex Xobeh.
             Slain by a vampire (5 damage)
             ... on level 8 of the Dungeon.
             The game lasted 00:44:47 (9558 turns).

NullDivider the Covert (Octopode Artificer)         Turns: 9558, Time: 00:44:52

Health: -4/67      AC:  1    Str: 11    XL:     10   Next: 30%
Magic:  15/15      EV: 18    Int: 14    God:    Nemelex Xobeh [**....]
Gold:   501        SH:  2    Dex: 19    Spells: 9/9 levels left

rFire    . . .     SeeInvis .   M - +4 dagger (venom)
rCold    . . .     Gourm    .   (no shield)
rNeg     . . .     Faith    .   (helmet restricted)
rPois    .         Spirit   .   e - +2 amulet of reflection
rElec    .         Reflect  +   w - +3 ring of dexterity
rCorr    .         Harm     .   (no ring)
MR       .....                  (no ring)
Stlth    ++++++....             (no ring)
Regen    0.3/turn               (no ring)
MPRegen  0.2/turn               (no ring)
                                (no ring)
                                (no ring)

@: no status effects
A: almost no armour, stealthy swim, amphibious, 8 rings, constrict 8, camouflage
1, gelatinous body 1
a: Renounce Religion


You were on level 8 of the Dungeon.
You worshipped Nemelex Xobeh.
Nemelex Xobeh was pleased with you.
You were not hungry.

You visited 2 branches of the dungeon, and saw 10 of its levels.

You collected 501 gold pieces.

Inventory:

Hand Weapons
 M - a +4 dagger of venom (weapon)
Jewellery
 e - a +2 amulet of reflection (around mantle)
 w - a +3 ring of dexterity (left tentacle)
Wands
 b - a wand of flame (0/48)
 c - a wand of enslavement (4/24)
 d - a wand of random effects (11/48)
 q - a wand of random effects (36/48)
 G - a wand of lightning (0/15)
 H - a wand of digging (23/24)
 K - a wand of flame (16/48)
Scrolls
 a - 2 scrolls of enchant armour
 k - 2 scrolls of immolation {unknown}
 l - a scroll of noise {unknown}
 m - a scroll of random uselessness {unknown}
 n - 8 scrolls of teleportation
 p - 3 scrolls of fog
 t - 4 scrolls of remove curse {unknown}
 u - 3 scrolls of recharging
 v - 2 scrolls of amnesia {unknown}
 E - 2 scrolls of blinking {unknown}
Potions
 g - 2 potions of degeneration {unknown}
 j - 2 potions of lignification
 o - 2 potions of curing {unknown}
 x - a potion of haste {unknown}
 z - a potion of cancellation
 A - 2 potions of resistance {unknown}
 C - a potion of invisibility {unknown}
 I - a potion of brilliance {unknown}
Miscellaneous
 y - a plain deck of destruction {drawn: 5}
 B - a plain deck of summoning {drawn: 7}
 F - a plain deck of escape {drawn: 1}
 L - a plain deck of summoning
Comestibles
 f - 5 bread rations
 h - 6 meat rations
 r - 2 royal jellies
 D - 5 fruits


   Skills:
 + Level 5.6 Fighting
 + Level 5.9 Short Blades
 * Level 7.0 Dodging
 + Level 11.1 Stealth
 * Level 7.8 Evocations


You had 9 spell levels left.
You didn't know any spells.

Dungeon Overview and Level Annotations

Branches:
Dungeon (9/15)             Temple (1/1) D:4
   Lair: D:8-11         Orc: D:9-12

Altars:
Ashenzari
Cheibriados
Dithmenos
Elyvilon
Fedhas
Gozag
Hepliaklqana
Kikubaaqudgha
Makhleb
Nemelex Xobeh
Okawaru
Qazlal
Ru
Sif Muna
Trog
Uskayaw
Vehumet
Xom
Yredelemnul
Zin
The Shining One

Annotations:
D:9 Peloso's ghost, novice HaFi


Innate Abilities, Weirdness & Mutations

You cannot wear most types of armour.
You are very stealthy in the water. (Stealth+)
You are amphibious.
You can wear up to eight rings at the same time.
You can use your tentacles to constrict eight enemies at once.
Your skin changes colour to match your surroundings (Stealth+).
Your rubbery body absorbs attacks. (AC +1, EV +1)


Message History

* * * LOW HITPOINT WARNING * * *
You hit something but do no damage. Something hits you.
* * * LOW HITPOINT WARNING * * *
Something bites you but does no damage.
You closely miss the adder. The adder bites you.
* * * LOW HITPOINT WARNING * * *
Something completely misses you. Something bites you but does no damage.
You closely miss the adder. The adder bites you but does no damage.
You miss the adder. Something hits you but does no damage. Something bites you.
* * * LOW HITPOINT WARNING * * *
The adder bites you but does no damage.
It was a potion of cancellation.
Your magical effects are unravelling.
You feel magically purged.
You feel less wooden. The adder closely misses you. Something hits you.
* * * LOW HITPOINT WARNING * * *
Something bites you.
You die...
Your body disappears without a glow.

#.##.##.#<#####.##
#.......#.##......
####.####.##.##.##
#...............#
########.##.##.....###.#
#........##.......<# #.#
#.##.....#####.....###.#
#.#####.##.##.........)......#
#..........##.@##########.####
#######.##...S...# #...#
#.##..#....# #...#
#..>.......# #...#
#.......#.......# #...# #
#.......#....#..#######...####
#.......#.......##............
#.............................
#.......#.####..##..).........


You could see an adder.

Vanquished Creatures
  2 two-headed ogres
  Pikel (D:7)
  A troll (D:9)
  Menkaure (D:4)
  3 phantoms
  A sky beast (D:8)
  A black bear (D:6)
  An orc warrior (D:7)
  A centaur (D:8)
  3 bullfrogs
  3 scorpions
  5 crimson imps
  A centaur zombie (D:5)
  3 jellies
  A quasit (D:5)
  3 orc priests
  2 bullfrog skeletons
  4 hounds
  6 orc wizards
  Crazy Yiuf (D:2)
  A centaur skeleton (D:9)
  An iguana (D:6)
  6 worker ants
  A hound skeleton (D:4)
  Robin (D:3)
  2 worker ant zombies
  11 adders
  3 gnolls (D:5)
  A shadow imp (D:5)
  An ooze (D:1)
  A worm (D:2)
  A dart slug (D:5)
  4 leopard geckos
  24 orcs
  A ball python (D:4)
  4 giant cockroaches
  11 hobgoblins
  13 jackals
  6 kobolds
  A quokka (D:3)
  3 bats
  4 frilled lizards
  A giant cockroach zombie (D:6)
  14 goblins
  A jackal skeleton (D:4)
  A leopard gecko skeleton (D:5)
  A quokka skeleton (D:6)
  19 rats
182 creatures vanquished.

Vanquished Creatures (collateral kills)
  A two-headed ogre (D:9)
  Eustachio (D:6)
  A big kobold (D:6)
  A hound (D:4)
  A jelly (D:8)
  3 orcs
8 creatures vanquished.

Vanquished Creatures (others)
  An ogre (D:9)
  An orc priest (D:3)
  An orc wizard (D:8)
  An orc (D:3)
  A kobold (D:3)
5 creatures vanquished.

Grand Total: 195 creatures vanquished

Notes
Turn   | Place    | Note
-------+----------+-------------------------------------------
     0 | D:1      | NullDivider the Octopode Artificer began the quest for the Orb.
     0 | D:1      | Reached XP level 1. HP: 13/13 MP: 3/3
    86 | D:1      | Reached XP level 2. HP: 15/18 MP: 4/4
   266 | D:1      | Reached skill level 2 in Stealth
   542 | D:1      | Reached XP level 3. HP: 20/23 MP: 5/5
  1152 | D:2      | Found an iron altar of Okawaru.
  1255 | D:2      | Found a runed door.
  1259 | D:2      | Noticed Crazy Yiuf
  1261 | D:2      | Killed Crazy Yiuf
  1261 | D:2      | Reached skill level 3 in Stealth
  1261 | D:2      | Reached XP level 4. HP: 28/28 MP: 6/6
  1903 | D:2      | Found a blossoming altar of Fedhas.
  2034 | D:3      | Noticed Robin
  2038 | D:3      | Killed Robin
  2087 | D:3      | Reached XP level 5. HP: 5/34 MP: 7/7
  2760 | D:3      | Reached skill level 4 in Stealth
  3157 | D:3      | Reached XP level 6. HP: 39/39 MP: 9/9
  3686 | D:4      | Noticed a phantom
  3698 | D:4      | Killed a phantom
  3698 | D:4      | Reached skill level 5 in Stealth
  4036 | D:4      | Found a staircase to the Ecumenical Temple.
  4048 | Temple   | Entered the Ecumenical Temple
  4157 | D:4      | Noticed a hand axe
  4157 | D:4      | Noticed a dagger
  4158 | D:4      | Found a hide-covered altar of Uskayaw.
  4173 | D:4      | Reached XP level 7. HP: 44/45 MP: 10/10
  4479 | D:4      | Noticed Menkaure
  4486 | D:4      | Killed Menkaure
  4486 | D:4      | Reached skill level 6 in Stealth
  4697 | D:4      | Found a sparkling altar of Nemelex Xobeh.
  4706 | D:4      | Became a worshipper of Nemelex Xobeh the Trickster
  4789 | D:4      | Reached skill level 5 in Evocations
  4981 | D:5      | Entered Level 5 of the Dungeon
  4999 | D:5      | Received a gift from Nemelex Xobeh
  5274 | D:5      | Reached skill level 7 in Stealth
  5534 | D:5      | Reached * piety under Nemelex Xobeh
  5551 | D:5      | Received a gift from Nemelex Xobeh
  5585 | D:5      | Reached XP level 8. HP: 47/52 MP: 11/11
  5909 | D:6      | Found an ancient bone altar of Kikubaaqudgha.
  5953 | D:6      | Received a gift from Nemelex Xobeh
  5991 | D:6      | HP: 1/52 [phantom (7)]
  5992 | D:6      | You fall through a shaft for 3 floors!
  5992 | D:9      | Noticed a troll
  5993 | D:9      | Killed a troll
  5993 | D:9      | Reached skill level 8 in Stealth
  6263 | D:9      | Noticed a two-headed ogre
  6287 | D:9      | Killed a two-headed ogre
  6317 | D:9      | Reached skill level 9 in Stealth
  6343 | D:9      | Noticed a two-headed ogre
  6358 | D:9      | Killed a two-headed ogre
  6358 | D:9      | Reached skill level 5 in Dodging
  6358 | D:9      | Reached XP level 9. HP: 59/59 MP: 13/13
  6374 | D:9      | Noticed Peloso's ghost (novice HaFi)
  6785 | D:8      | Reached skill level 5 in Short Blades
  6785 | D:8      | Reached skill level 10 in Stealth
  7095 | D:8      | Noticed a two-headed ogre
  7375 | D:7      | Found a hazy altar of Hepliaklqana.
  7645 | D:6      | Found an opulent altar of Gozag.
  7878 | D:6      | Reached ** piety under Nemelex Xobeh
  7913 | D:6      | Found a stormy altar of Qazlal.
  7942 | D:6      | Noticed Eustachio
  7956 | D:6      | Killed Eustachio
  8033 | D:7      | Reached skill level 5 in Fighting
  8101 | D:7      | Received a gift from Nemelex Xobeh
  8594 | D:7      | Found a burning altar of Makhleb.
  8700 | D:7      | Noticed Pikel
  8729 | D:7      | Killed Pikel
  8729 | D:7      | Reached XP level 10. HP: 8/66 MP: 15/15
  9370 | D:8      | Killed a two-headed ogre
  9370 | D:8      | Reached skill level 11 in Stealth
  9558 | D:8      | HP: 1/67 [something (5)]
  9558 | D:8      | Slain by a vampire

Skill      XL: |  1  2  3  4  5  6  7  8  9 10 |
---------------+-------------------------------+-----
Stealth        | 2 3 4 5 7 9 10 11 | 11.1
Short Blades   | 2 3 4 5 |  5.9
Evocations     | 4 5 6 7 |  7.8
Fighting       | 2 3 4 5 |  5.6
Dodging        | 3 4 5 6 7 |  7.0

Action                   |  1- 3 |  4- 6 |  7- 9 | 10-12 || total
-------------------------+-------+-------+-------+-------++-------
Melee: Short sword       |    27 |       |       |       ||    27
       Tentacles         |    10 |    27 |    61 |     6 ||   104
       Dagger            |    25 |   139 |   226 |    30 ||   420
       Constrict         |    13 |    40 |    39 |     2 ||    94
Evoke: Wand              |       |    12 |    18 |     2 ||    32
       Deck              |       |       |    12 |     1 ||    13
  Use: Scroll            |       |       |     9 |       ||     9
       Potion            |       |       |       |     3 ||     3
 Stab: Sleeping          |     4 |    11 |    22 |     4 ||    41
       Distracted        |       |     1 |     5 |       ||     6
       Paralysed         |       |       |     1 |       ||     1
       Confused          |       |       |     1 |       ||     1
  Eat: Chunk             |       |     9 |    14 |     3 ||    26
       Fruit             |       |       |     1 |       ||     1
Armor: Skin              |     1 |     7 |     2 |    16 ||    26
Dodge: Dodged            |    20 |    72 |   108 |    19 ||   219
Block: Other             |       |       |     7 |     2 ||     9
       Reflection        |       |       |     1 |       ||     1
